 Dungeon Crawl Stone Soup version 0.29.0-13-gc9e81de378 (webtiles) character file.

Game seed: 1104817047681237227

98 robertstho the Magician (level 5, -4/36 HPs)
             Began as a Djinni Fire Elementalist on Sept 7, 2022.
             Killed from afar by an orc wizard (10 damage)
             ... with a magic dart
             ... on level 2 of the Dungeon.
             The game lasted 00:02:23 (2874 turns).

robertstho the Magician (Djinni Fire Elementalist)  Turns: 2874, Time: 00:02:23

Health: -4/36      AC:  2    Str:  7    XL:     5   Next: 0%
Gold:   119        EV: 16    Int: 19    God:
                   SH:  0    Dex: 13

rFire   + + .      SeeInvis .   (no weapon)
rCold   . . .      Faith    .   (no shield)
rNeg    . . .      Spirit   .   a - +0 robe
rPois   ∞          Reflect  .   (no helmet)
rElec   .          Harm     .   (no cloak)
rCorr   .          Rampage  .   (no gloves)
Will    .....                   (boots unavailable)
Stlth   ++........              (no amulet)
HPRegen 0.12/turn               e - +4 ring of evasion
MPRegen 0.00/turn               h - ring of protection from cold

@: flying, very slightly contaminated
A: sickness immunity, fire resistance 2, cold vulnerability 1, float, innate
caster, HP casting, extra vitality 1
a: no special abilities


You were on level 2 of the Dungeon.
You visited 1 branch of the dungeon, and saw 2 of its levels.

You collected 119 gold pieces.

Inventory:

Armour
 a - a +0 robe (worn)
Jewellery
 b - a ring of protection from fire
 e - a +4 ring of evasion (left hand)
 h - a ring of protection from cold (right hand)
Scrolls
 c - a scroll of poison {unknown}
 d - 2 scrolls of identify {unknown}
 f - a scroll of fear {unknown}
Potions
 g - a potion of cancellation {unknown}


   Skills:
 * Level 0.6 Fighting
 + Level 2.5 Dodging
 + Level 1.8 Stealth
 + Level 0.9 Unarmed Combat
 * Level 3.7 Spellcasting


You couldn't memorise any spells.
You knew the following spells:

 Your Spells              Type           Power      Damage    Failure   Level
a - Foxfire               Conj/Fire      68%        2x1d7     3%          1
b - Scorch                Fire           34%        2d6       4%          2
c - Conjure Flame         Conj/Fire      17%        6-21      10%         3
d - Inner Flame           Hex/Fire       17%        N/A       10%         3
e - Flame Wave            Conj/Fire      17%        2d7       30%         4
f - Beastly Appendage     Tmut           34%        N/A       3%          1
g - Static Discharge      Conj/Air       17%        3-6/arc   4%          2
Your spell library was empty.

Dungeon Overview and Level Annotations

Branches:
Dungeon (2/15)

Altars:


Innate Abilities, Weirdness & Mutations

You are immune to sickness and miasma.
You are immune to poison.
Your flesh is very heat resistant. (rF++)
You are vulnerable to cold. (rC-)
You float through the air rather than walking.
You learn spells naturally, not from books.
Your magical power is your life essence.
You have superior vitality. (+4 MHP)


Message History

A wave of flame ripples out!
The flame wave engulfs something. (Press . to intensify the flame waves.)
You hear a shout!
You hear some strange, mumbled words.
A magic dart appears from out of thin air!
The magic dart hits you.
Unknown command.
Unknown command.
A wave of flame ripples out!
The flame wave engulfs something.
The flame wave engulfs the orc.
The orc is heavily wounded.
You hear some strange, mumbled words.
A puff of flame appears from out of thin air!
The puff of flame misses you.
Unknown command.
Unknown command.
Unknown command.
A wave of flame ripples out!
The flame wave engulfs something.
The flame wave engulfs the orc.
You kill the orc!
The flame wave engulfs the orc!
You kill the orc!
The flame wave engulfs the orc.
The orc is almost dead.
You finish channelling waves of flame.
Something hits you.
* * * LOW HITPOINT WARNING * * *
You have reached level 5!
The power to cast Static Discharge wells up from within.
Spell assigned to 'g'.
Unknown command.
Unknown command.
Unknown command.
Casting: Flame Wave (extremely dangerous; 30% risk of failure)
Confirm with . or Enter, or press ? or * to list all spells.
Flames lash the orc.
You kill the orc!
* * * LOW HITPOINT WARNING * * *
You hear some strange, mumbled words.
A magic dart appears from out of thin air!
The magic dart hits you!
You die...

#.##....####.#
#
#..#.........#
#
###......######
# .........# #
#######....# #
.../.......#
######.#.##...
#..........
#@#.##.####
#{#.# .. #b#.#
... ))#.# ..
....# . ...#.#
.#.. #....


You could see a bat.

Vanquished Creatures
  Terence (D:2)
  2 adders (D:2)
  3 orcs (D:2)
  4 endoplasms
  2 giant cockroaches (D:1)
  7 goblins
  6 hobgoblins
  4 kobolds
  6 ball pythons
  6 bats
  4 frilled lizards (D:1)
  6 rats
51 creatures vanquished.

Vanquished Creatures (others)
  71 foxfires
71 creatures vanquished.

Grand Total: 122 creatures vanquished

Notes
Turn   | Place    | Note
-------+----------+-------------------------------------------
     0 | D:1      | robertstho the Djinni Fire Elementalist began the quest for
                  | the Orb.
     0 | D:1      | robertstho set off with the following spells memorised:
                  | Foxfire, Scorch, Conjure Flame, Inner Flame, Flame Wave.
     0 | D:1      | Reached XP level 1. HP: 15/15 MP: 0/0
   329 | D:1      | Reached XP level 2. HP: 18/21 MP: 0/0
  1035 | D:1      | Reached XP level 3. HP: 22/26 MP: 0/0
  1035 | D:1      | Learned a level 1 spell: Beastly Appendage
  1120 | D:1      | Reached skill level 3 in Spellcasting
  2570 | D:2      | Noticed Terence
  2572 | D:2      | Reached XP level 4. HP: 29/31 MP: 0/0
  2580 | D:2      | Killed Terence
  2874 | D:2      | Reached XP level 5. HP: 8/36 MP: 0/0
  2874 | D:2      | Learned a level 2 spell: Static Discharge
  2874 | D:2      | Killed from afar by an orc wizard

Illustrated notes

Levels and vault maps discovered:
D:1:      dpeg_arrival_subterranean_lakeside_camping, layout_loops_corners
D:2:      layout_basic, basic_ecumenical_altar, minmay_misc_feat_more_columns,
          nrook_loot_triangle, minivault_27, uniq_terence, uniq_natasha

Skill      XL: |  1  2  3 |
---------------+----------+-----
Spellcasting   | 3 |  3.7
Fighting       | |  0.6
Dodging        | |  2.5
Stealth        | |  1.8
Unarmed Combat | |  0.9

Action                   |  1- 3 |  4- 6 || total
-------------------------+-------+-------++-------
Melee: Unarmed           |     4 |     1 ||     5
 Cast: Foxfire           |    37 |     7 ||    44
       Scorch            |    31 |     4 ||    35
       Flame Wave        |       |     2 ||     2
 Stab: Sleeping          |     1 |       ||     1
Armor: Robe              |     2 |       ||     2
Dodge: Dodged            |    22 |     6 ||    28
